 Dungeon Crawl Stone Soup version 0.30-a0-726-gd89dcf765f (webtiles) character file.

Game seed: 5723864911203058311

124 Legacy the Shooter (level 4, 0/37 HPs)
             Began as a Demigod Hunter on Jan 30, 2023.
             Slain by a scorpion (7 damage)
             ... on level 4 of the Dungeon.
             The game lasted 00:06:13 (2480 turns).

Legacy the Shooter (Demigod Hunter)                 Turns: 2480, Time: 00:06:14

Health: 0/37       AC:  5    Str: 12    XL:     4   Next: 52%
Magic:  6/6        EV: 11    Int: 11    God:
Gold:   213        SH:  0    Dex: 21    Spells: 3/3 levels left

rFire   . . .      SeeInvis .    l - +1 hand axe (elec)
rCold   . . .      Faith    .    (no shield)
rNeg    . . .      Spirit   .    i - +0 ring mail
rPois   .          Reflect  .    (no helmet)
rElec   .          Harm     .    (no cloak)
rCorr   .          Rampage  .    (no gloves)
Will    .....                    (no boots)
Stlth   +                        (no amulet)
HPRegen 0.26/turn                (no ring)
MPRegen 0.10/turn                (no ring)

@: lethally poisoned (0 -> -12)
A: high MP 1, forlorn, divine attributes
a: no special abilities


You were on level 4 of the Dungeon.
You visited 1 branch of the dungeon, and saw 4 of its levels.

You collected 213 gold pieces.

Inventory:

Hand Weapons
 a - a +0 shortbow
 l - a +1 hand axe of electrocution (weapon)
Armour
 i - a +0 ring mail (worn)
Magical Staves
 f - a staff of conjuration
Wands
 d - a wand of iceblast (9)
Scrolls
 b - 2 scrolls of immolation
 j - a scroll of silence
 k - a scroll of amnesia
 m - a scroll of magic mapping
 n - a scroll of teleportation
Potions
 c - a potion of lignification {unknown}
 e - a potion of heal wounds {unknown}
 g - 2 potions of might {unknown}
 h - 3 potions of curing


   Skills:
 * Level 2.8 Fighting
 + Level 5.2 Ranged Weapons
 - Level 1.7 Dodging
 - Level 0.8 Stealth


You had 3 spell levels left.
You didn't know any spells.
Your spell library contained the following spells:

 Spells                   Type           Power      Damage    Failure   Level
 Magic Dart               Conj           0%         1d3       63%         1
 Blink                    Tloc           0%         N/A       77%         2
 Call Imp                 Summ           0%         N/A       77%         2
 Lesser Beckoning         Tloc           0%         N/A       77%         2
 Momentum Strike          Conj/Tloc      0%         3d8       77%         2
 Mephitic Cloud           Conj/Pois/Air  0%         N/A       94%         3


Dungeon Overview and Level Annotations

Branches:
Dungeon (4/15)
 Temple: D:4-7


Innate Abilities, Weirdness & Mutations

You have an increased reservoir of magic. (+10% MP)
You shall have no god before yourself.
Your divine heritage dramatically boosts your attributes as you level up.


Message History

You feel sick. The adder barely misses you.
You hit the adder. Lightning courses through the adder!!
You kill the adder!
You feel sick.
You feel sick.
You feel sick.
You feel sick.
You are no longer poisoned.
Found a hand axe.
d - a wand of iceblast (9)
Found 6 gold pieces.
A scorpion comes into view.
Found a stone staircase leading down.
The scorpion stings you but does no damage.
You hit the scorpion.
The scorpion is lightly wounded.
The scorpion stings you.
You are poisoned.
The scorpion poisons you! The scorpion stings you.
You closely miss the scorpion.
The scorpion is lightly wounded.
You feel very sick. The scorpion stings you.
You closely miss the scorpion.
The scorpion is lightly wounded.
You feel sick. The scorpion stings you.
You are more poisoned.
The scorpion poisons you! The scorpion stings you.
You are lethally poisoned!
The scorpion poisons you!
You hit the scorpion but do no damage.
The scorpion is lightly wounded.
You feel extremely sick.
The scorpion stings you but does no damage.
You hit the scorpion. Lightning courses through the scorpion!
The scorpion is almost dead.
* * * LOW HITPOINT WARNING * * *
You feel very sick. The scorpion barely misses you. The scorpion stings you!
You die...

#..####.# ###.#
....# .# #.#
#..# .## ##.# .
##.
....##..#####..
#
..............#
#..###....$..##
# #.......#
###.......#
#.s@......#
#...###.......
....## #....#.
... ...## #>
....# . ......
..... ####


You could see a scorpion.

Vanquished Creatures
  4 adders
  3 dart slugs (D:2)
  7 ball pythons
  2 endoplasms
  A giant cockroach (D:1)
  14 goblins
  11 hobgoblins
  4 jackals
  4 kobolds (D:1)
  2 quokkas
  10 bats
  6 frilled lizards
  9 rats
77 creatures vanquished.

Notes
Turn   | Place    | Note
-------+----------+-------------------------------------------
     0 | D:1      | Legacy the Demigod Hunter began the quest for the Orb.
     0 | D:1      | Reached XP level 1. HP: 17/17 MP: 3/3
   191 | D:1      | Reached skill level 4 in Ranged Weapons
   207 | D:1      | Reached XP level 2. HP: 15/24 MP: 4/4
  1008 | D:1      | Reached XP level 3. HP: 10/29 MP: 5/5
  1678 | D:2      | Reached XP level 4. HP: 30/37 MP: 6/6
  2036 | D:3      | Reached skill level 5 in Ranged Weapons
  2480 | D:4      | Slain by a scorpion

Illustrated notes

Levels and vault maps discovered:
D:1:      wander_arrival_fairy_ring, layout_basic, minmay_tetromino_o2
D:2:      layout_basic
D:3:      kennysheep_the_goblin_king, layout_rooms,
          mainiacjoe_overflow_boulevard, minmay_misc_feat_encased
D:4:      layout_layer_cave, minmay_pentangle

Skill      XL: |  1  2  3  4 |
---------------+-------------+-----
Ranged Weapons | 4 5 |  5.2
Fighting       | 2 |  2.8
Dodging        | |  1.7
Stealth        | |  0.8

Action                     |  1- 3 |  4- 6 || total
---------------------------+-------+-------++-------
  Melee: Staff             |    82 |       ||    82
         Punch             |     1 |       ||     1
         Hand axe          |       |    30 ||    30
   Fire: Shortbow          |    93 |    12 ||   105
    Use: Scroll            |       |     4 ||     4
   Stab: Sleeping          |     2 |       ||     2
 Armour: Leather armour    |    19 |       ||    19
         Ring mail         |    73 |    28 ||   101
  Dodge: Dodged            |   160 |    40 ||   200

Table legend: (Time is in decaauts)
 A = Elapsed time spent in this place.
 B = Non-inter-level travel time spent in this place.
 C = Inter-level travel time spent in this place.
 D = Time resting spent in this place.
 E = Time spent auto-exploring this place.
 F = Levels seen in this place.
 G = Mean time per level.
                   A        B        C        D        E       F      G
               +--------+--------+--------+--------+--------+-----+--------+
         Total |   2543 |   2259 |    284 |    221 |      0 |   4 |  635.8 |
       Dungeon |   2543 |   2259 |    284 |    221 |      0 |   4 |  635.8 |
               +--------+--------+--------+--------+--------+-----+--------+

Top non-repeatable levels by time:
     D:1: 1194 daAuts
     D:2: 689 daAuts
     D:3: 554 daAuts
     D:4: 104 daAuts
